 Dungeon Crawl Stone Soup version 0.30-a0-779-g7971cf1 (webtiles) character file.

Game seed: 14255358324927967222

1020 Illumine the Cudgeller (level 8, -3/48 HPs)
             Began as a Gargoyle Fighter on Feb 17, 2023.
             Slain by a gnoll bouda
             ... wielding a +0 long sword
              (5 damage)
             ... on level 4 of the Dungeon.
             The game lasted 00:06:44 (3774 turns).

Illumine the Cudgeller (Gargoyle Fighter)           Turns: 3774, Time: 00:06:45

Health: -3/48      AC: 14    Str: 23    XL:     8   Next: 22%
Magic:  11/11      EV:  9    Int:  8    God:
Gold:   221        SH:  0    Dex:  9    Spells: 6/11 levels left

rFire   . . .      SeeInvis .    a - +0 great mace
rCold   . . .      Faith    +    (shield currently unavailable)
rNeg    + . .      Spirit   .    h - +0 scale mail
rPois   ∞          Reflect  .    g - +0 helmet
rElec   +          Harm     .    (no cloak)
rCorr   .          Rampage  .    (no gloves)
Will    .....                    (no boots) Stlth
                                 v - amulet of faith
HPRegen 0.28/turn                p - ring of wizardry
MPRegen 0.12/turn                (no ring)

@: weakened
A: sickness immunity, AC +5, negative energy resistance 1, electricity
resistance, torment resistance 1, petrification resistance
a: no special abilities


You were on level 4 of the Dungeon.
You visited 2 branches of the dungeon, and saw 6 of its levels.

You collected 221 gold pieces.

Inventory:

Hand Weapons
 a - a +0 great mace (weapon)
 b - a +0 sling
 u - a +0 flail
Missiles
 k - 21 poisoned darts
Armour
 c - a +0 buckler
 g - a +0 helmet (worn)
 h - a +0 scale mail (worn)
Jewellery
 p - a ring of wizardry (left hand)
 v - an amulet of faith (around neck)
Wands
 d - a wand of light (6)
 s - a wand of roots (3)
Scrolls
 e - a scroll of teleportation
 i - a scroll of silence {unknown}
 j - a scroll of torment {unknown}
 l - a scroll of butterflies {unknown}
 q - 2 scrolls of fear
 r - a scroll of enchant weapon {unknown}
 w - a scroll of amnesia {unknown}
Potions
 f - 2 potions of brilliance
 m - a potion of flight {unknown}
 n - 3 potions of curing {unknown}
 o - 2 potions of magic


   Skills:
 + Level 4.9 Fighting
 * Level 5.2 Maces & Flails
 + Level 4.9 Armour
 - Level 4.0 Shields
 - Level 2.0 Spellcasting
 - Level 2.0 Conjurations
 - Level 2.0 Translocations
 + Level 1.7 Air Magic
 - Level 2.0 Poison Magic
 + Level 1.8 Evocations


You had 6 spell levels left.
You knew the following spells:

 Your Spells              Type           Power      Damage    Failure   Level
a - Blink                 Tloc           8%         N/A       22%         2
b - Mephitic Cloud        Conj/Pois/Air  3%         N/A       41%         3

Your spell library contained the following spells:

 Spells                   Type           Power      Damage    Failure   Level
 Magic Dart               Conj           16%        1d3       16%         1
 Lesser Beckoning         Tloc           8%         N/A       22%         2
 Momentum Strike          Conj/Tloc      8%         3d8       22%         2
 Searing Ray              Conj           8%         2d4       22%         2
 Call Imp                 Summ           0%         N/A       45%         2
 Dazzling Flash           Conj/Hex       4%         N/A       52%         3
 Fulminant Prism          Conj/Hex       1%         3d5       89%         4
 Silence                  Hex/Air        1%         N/A       99%         5
 Agony                    Necr           0%         N/A       100%        5


Dungeon Overview and Level Annotations

Branches:
Dungeon (5/15)             Temple (1/1) D:4

Altars:
Ashenzari
Cheibriados
Dithmenos
Elyvilon
Hepliaklqana
Kikubaaqudgha
Makhleb
Nemelex Xobeh
Qazlal
Ru
Trog
Uskayaw
Vehumet
Wu Jian
Xom


Innate Abilities, Weirdness & Mutations

You are immune to sickness and miasma.
Your stone body is resilient. (AC +5)
You are immune to poison.
You resist negative energy. (rN+)
You are resistant to electric shocks. (rElec)
You are resistant to unholy torment.
You are immune to petrification.


Message History

You kill the gnoll!
The gnoll bouda utters an invocation to its god.
The gnoll bouda is healed somewhat.
The gnoll bouda gazes fiercely through you!
You feel as though you will be weak longer.
The gnoll bouda hits you with a +0 long sword.
You barely miss the gnoll bouda.
The gnoll bouda is moderately wounded.
The gnoll bouda hits you with a +0 long sword.
* * * LOW HITPOINT WARNING * * *
The gnoll bouda hits you but does no damage.
You hit the gnoll bouda.
The gnoll bouda is heavily wounded.
The gnoll bouda hits you but does no damage.
The gnoll bouda hits you with a +0 long sword!
* * * LOW HITPOINT WARNING * * *
You hit the gnoll bouda.
The gnoll bouda is heavily wounded.
The gnoll bouda hits you with a +0 long sword.
* * * LOW HITPOINT WARNING * * *
The gnoll bouda hits you with a +0 long sword.
* * * LOW HITPOINT WARNING * * *
You hit the gnoll bouda.
The gnoll bouda is severely wounded.
Your attacks no longer feel as feeble.
The gnoll bouda closely misses you. The gnoll bouda barely misses you.
The gnoll bouda closely misses you.
You barely miss the gnoll bouda.
The gnoll bouda is severely wounded.
The gnoll bouda mumbles some strange prayers to its god.
The gnoll bouda is healed somewhat.
The gnoll bouda gazes fiercely through you!
You feel your attacks grow feeble. The gnoll bouda barely misses you.
You thump the gnoll bouda!
The gnoll bouda is almost dead.
The gnoll bouda gazes fiercely through you!
You feel as though you will be weak longer.
The gnoll bouda hits you with a +0 long sword.
You die...

....... #.......# #####
#.......#
....############.....>.#
....##................<#
..>.##.#########.......#
........### ##.......#
#######...# ###........#
...####.#.###.)g@......#
##......#.##..##)......#
######......###########
#.#..).#
#.##)..################
#.##...........#......#
###.##.......###........#
#.#..........# ##..(....#
#####.##.........#####......#


You could see a gnoll bouda (fast).

Vanquished Creatures
  A water moccasin (D:4)
  A black bear (D:4)
  An ice beast (D:5)
  An ogre (D:5)
  A phantom (D:3)
  3 necrophages (D:5)
  A scorpion (D:5)
  2 hounds
  An orc priest (D:5)
  An iguana (D:5)
  2 orc wizards (D:5)
  8 gnolls
  5 adders
  A dart slug (D:2)
  16 orcs
  2 endoplasms (D:2)
  3 giant cockroaches
  2 goblins
  6 hobgoblins
  2 quokkas
  3 ball pythons
  2 bats (D:2)
  2 frilled lizards
  8 kobolds
  6 rats
81 creatures vanquished.

Notes
Turn   | Place    | Note
-------+----------+-------------------------------------------
     0 | D:1      | Illumine the Gargoyle Fighter began the quest for the Orb.
     0 | D:1      | Reached XP level 1. HP: 14/14 MP: 1/1
   424 | D:2      | Found a radiant altar of Vehumet.
   481 | D:2      | Reached XP level 2. HP: 13/19 MP: 2/2
   735 | D:2      | Reached XP level 3. HP: 21/23 MP: 3/3
   751 | D:2      | Learned a level 2 spell: Blink
  1129 | D:3      | Reached XP level 4. HP: 24/29 MP: 4/4
  1186 | D:3      | Reached skill level 3 in Maces & Flails
  1227 | D:3      | Found a broken altar of Ashenzari.
  1480 | D:3      | Found a faded altar of an unknown god.
  1849 | D:4      | Reached skill level 1 in Spellcasting
  1849 | D:4      | Reached XP level 5. HP: 29/33 MP: 6/6
  1873 | D:4      | Noticed a black bear
  1889 | D:4      | Killed a black bear
  1890 | D:4      | Reached skill level 1 in Translocations
  1938 | D:4      | Learned a level 3 spell: Mephitic Cloud
  2056 | D:4      | Reached XP level 6. HP: 17/38 MP: 8/8
  2060 | D:4      | HP: 1/38 [kobold/+0 club (2)]
  2473 | D:5      | Entered Level 5 of the Dungeon
  2473 | D:5      | Noticed an ice beast
  2484 | D:5      | Killed an ice beast
  2485 | D:5      | Reached skill level 4 in Maces & Flails
  2485 | D:5      | Reached skill level 1 in Conjurations
  2490 | D:5      | Reached skill level 1 in Poison Magic
  2490 | D:5      | Reached XP level 7. HP: 26/44 MP: 8/10
  2655 | D:5      | Reached skill level 1 in Air Magic
  2860 | D:5      | Reached skill level 1 in Evocations
  3186 | D:5      | Reached skill level 5 in Maces & Flails
  3186 | D:5      | Reached XP level 8. HP: 41/48 MP: 11/11
  3435 | D:4      | Found a staircase to the Ecumenical Temple.
  3604 | Temple   | Entered the Ecumenical Temple
  3771 | D:4      | HP: 1/48 [gnoll bouda/+0 long sword (4)]
  3774 | D:4      | Slain by a gnoll bouda

Illustrated notes

Levels and vault maps discovered:
D:1:      minmay_arrival_jagged, layout_rooms, st_stairs_9, minivault_25
D:2:      minmay_evil_eye, layout_basic, basic_altar
D:3:      layout_basic, nicolae_ashenzari_panopticon,
          hellmonk_ecumenical_altar_crossroads, patterned_corridor
D:4:      layout_rooms, minmay_temple_entry_statues_pillars
D:5:      layout_cave_pools, mainiacjoe_overflow_big_doors
Temple:   jpeg_temple_clearing

Skill      XL: |  1  2  3  4  5  6  7  8 |
---------------+-------------------------+-----
Maces & Flails | 3 4 5 |  5.2
Spellcasting   | 1 2 |  2.0
Fighting       | 4 |  4.9
Armour         | 4 |  4.9
Shields        | 4 |  4.0
Translocations | 1 2 |  2.0
Conjurations   | 1 2 |  2.0
Poison Magic   | 1 2 |  2.0
Air Magic      | 1 |  1.7
Evocations     | 1 |  1.8

Action                     |  1- 3 |  4- 6 |  7- 9 || total
---------------------------+-------+-------+-------++-------
  Melee: Flail             |    89 |   118 |    11 ||   218
         Great mace        |       |       |    96 ||    96
   Fire: Sling             |    34 |    24 |    15 ||    73
  Evoke: Wand              |       |     2 |     2 ||     4
    Use: Potion            |       |     2 |     1 ||     3
         Scroll            |       |       |     4 ||     4
 Armour: Scale mail        |    62 |    80 |    90 ||   232
  Dodge: Dodged            |    50 |    77 |    60 ||   187
  Block: Buckler           |    19 |    36 |     5 ||    60

Table legend: (Time is in decaauts)
 A = Elapsed time spent in this place.
 B = Non-inter-level travel time spent in this place.
 C = Inter-level travel time spent in this place.
 D = Time resting spent in this place.
 E = Time spent auto-exploring this place.
 F = Levels seen in this place.
 G = Mean time per level.
                   A        B        C        D        E       F      G
               +--------+--------+--------+--------+--------+-----+--------+
         Total |   3898 |   3739 |    159 |    676 |   2044 |   6 |  649.7 |
       Dungeon |   3816 |   3670 |    146 |    676 |   1991 |   5 |  763.2 |
        Temple |     81 |     68 |     13 |      0 |     53 |   1 |   81.0 |
               +--------+--------+--------+--------+--------+-----+--------+

Top non-repeatable levels by time:
     D:3: 1152 daAuts
     D:4: 899 daAuts
     D:5: 741 daAuts
     D:2: 590 daAuts
     D:1: 431 daAuts
  Temple: 81 daAuts
